 Dungeon Crawl Stone Soup version 0.21-a0-59-g7b0e191 (webtiles) character file.

10736 Duffy the Arsonist (level 11, -1/136 HPs)
             Began as a Red Draconian Fire Elementalist on June 16, 2017.
             Was an Elder of Vehumet.
             Slain by an apocalypse crab (7 damage)
             ... on level 9 of the Dungeon.
             The game lasted 00:14:56 (9697 turns).

Duffy the Arsonist (DrFE)                           Turns: 9697, Time: 00:14:57

Health: -1/136     AC:  0    Str: 14    XL:     11   Next: 40%
Magic:  3/22       EV:  3    Int: 19    God:    Vehumet [****..]
Gold:   429        SH:  0    Dex: 16    Spells: 12/25 levels left

rFire    . . .     SeeInvis .   (weapon currently unavailable)
rCold    . . .     Gourm    .   (shield currently unavailable)
rNeg     + + +     Faith    .   (armour unavailable)
rPois    ∞         Spirit   .   (helmet currently unavailable)
rElec    .         Reflect  .   (cloak currently unavailable)
rCorr    .         Harm     .   (gloves currently unavailable)
MR       .....                  (boots currently unavailable)
Stlth    ..........             h - amulet of magic regeneration
HPRegen  0.32/turn              (ring currently unavailable)
MPRegen  0.43/turn              (ring currently unavailable)

@: agile, berserking, pig-form, petrified, hasted, very quick
A: (breathe fire), unfitting armour, weak 1, wild magic 1, MP-powered wands, AC
+7
a: Renounce Religion


You were on level 9 of the Dungeon.
You worshipped Vehumet.
Vehumet was greatly pleased with you.
You were not hungry.
You were a filthy swine.
You visited 2 branches of the dungeon, and saw 10 of its levels.

You collected 429 gold pieces.

Inventory:

Hand Weapons
 o - a +6 club
 q - a +0 blowgun (melded)
 v - a +0 dire flail of protection
Missiles
 I - 6 curare-tipped needles
Jewellery
 h - an amulet of magic regeneration (around neck)
 k - a ring of resist corrosion (melded)
Wands
 n - a wand of polymorph (8/24)
 t - a wand of scattershot (3/9)
 x - a wand of flame (31/48)
 F - a wand of confusion (12/48)
 H - a wand of polymorph (3/24)
 N - a wand of iceblast (2/15)
Scrolls
 c - 4 scrolls of recharging {unknown}
 d - 7 scrolls of teleportation {unknown}
 e - 9 scrolls of identify {unknown}
 l - 2 scrolls of enchant weapon {unknown}
 u - 7 scrolls of remove curse {unknown}
 w - a scroll of magic mapping {unknown}
 y - a scroll of immolation {unknown}
 z - a scroll of random uselessness {unknown}
 B - a scroll of fear {unknown}
 C - 3 scrolls of blinking {unknown}
 D - a scroll of noise {unknown}
 L - a scroll of vulnerability {unknown}
Potions
 f - a potion of mutation {unknown}
 i - a potion of curing {unknown}
 j - 2 potions of ambrosia {unknown}
 m - 2 potions of invisibility {unknown}
 p - 2 potions of haste {unknown}
 r - a potion of experience {unknown}
 A - 2 potions of degeneration {unknown}
 E - a potion of brilliance {unknown}
 K - 3 potions of agility {unknown}
Books
 a - a book of Flames

   Spells                             Type                      Level
   a - Flame Tongue                   Conjuration/Fire             1
   b - Throw Flame                    Conjuration/Fire             2
   c - Conjure Flame                  Conjuration/Fire             3
   d - Inner Flame                    Hexes/Fire                   3
   e - Sticky Flame                   Conjuration/Fire             4
   f - Fireball                       Conjuration/Fire             5
 G - a book of Air

   Spells                             Type                      Level
   a - Shock                          Conjuration/Air              1
   b - Swiftness                      Charms/Air                   2
   c - Static Discharge               Conjuration/Air              3
   d - Airstrike                      Air                          4
   e - Lightning Bolt                 Conjuration/Air              5
 M - a book of Callings

   Spells                             Type                      Level
   a - Summon Small Mammal            Summoning                    1
   b - Call Imp                       Summoning                    2
   c - Call Canine Familiar           Summoning                    3
   d - Summon Guardian Golem          Hexes/Summoning              3
   e - Summon Lightning Spire         Summoning/Air                4
   f - Summon Ice Beast               Ice/Summoning                4
Comestibles
 b - 10 bread rations
 g - 5 meat rations
 s - 4 fruits
 J - 5 chunks of flesh


   Skills:
 - Level 6.8 Fighting
 - Level 4.5 Dodging
 - Level 1.7 Stealth
 + Level 7.6 Spellcasting
 + Level 10.4 Conjurations
 - Level 12.0 Fire Magic


You had 12 spell levels left.
You knew the following spells:

 Your Spells              Type           Power        Failure   Level  Hunger
a - Flame Tongue          Conj/Fire      #####        1%          1    None
j - Sticky Flame          Conj/Fire      ######..     1%          4    ###....
k - Fireball              Conj/Fire      ######....   1%          5    #####..
l - Conjure Flame         Conj/Fire      ######..     1%          3    #......


Dungeon Overview and Level Annotations

Branches:
Dungeon (9/15)             Temple (1/1) D:6
   Lair: D:8-11         Orc: D:9-12

Altars:
Ashenzari
Cheibriados
Dithmenos
Elyvilon
Fedhas
Gozag
Hepliaklqana
Kikubaaqudgha
Nemelex Xobeh
Okawaru
Qazlal
Ru
Sif Muna
Trog
Uskayaw
Vehumet
Wu Jian
Xom
Yredelemnul
Zin
The Shining One

Annotations:
D:9 Armakuni's ghost, novice DgCj


Innate Abilities, Weirdness & Mutations

((You can breathe blasts of fire.))
((Your fiery red scales are hard. (AC +7)))
You cannot fit into any form of body armour.
((Your flesh is heat resistant. (rF+)))
((You are cold-blooded and may be slowed by cold attacks.))
((Your tail ends in a sharp poisonous barb.))
You are weak. (Str -2)
Your spells are a little harder to cast, but a little more powerful.
You expend magic power (3 MP) to strengthen your wands.


Message History

You are slowing down.
You are too berserk!
You feel yourself speed up.
The apocalypse crab is engulfed in blazing flames.
The apocalypse crab breathes chaos at you.
The blast of chaos engulfs you!
You feel agile all of a sudden.
You have turned to stone.
You are engulfed in seething chaos.
You suddenly lose the ability to move!
The apocalypse crab is engulfed in blazing flames.
You are engulfed in seething chaos.
The apocalypse crab is engulfed in seething chaos.
The apocalypse crab seems to slow down.
The apocalypse crab bites you!
You turn into a filthy swine.
Your +0 blowgun melds into your body.
Your ring of resist corrosion melds into your body.
The apocalypse crab claws you. The apocalypse crab shocks you!
The two-headed ogre is engulfed in blazing flames.
The apocalypse crab bites you!
You feel yourself speed up. The apocalypse crab claws you.
The apocalypse crab freezes you!
You die...

.......####.### #
##.######o).%(## #####.#
.....###.##p##.## ......#
....###.##. ##.##......+
..####o##. ##.#......#
##.##..#[ #.#......#
###.#.## ##ol.....#
.##.#..# #t#O......
.#.##))## ##h#.....%.
##)##p#.## ##.##.......
..##.###)#####.## $......
####o#.##).#..## ........
.##.##..###)###....######
#..##(.(....).)...##
####..##..(......##
###..#########.### .(..##
.#


You could see an apocalypse crab and an orc.

Vanquished Creatures
  A death knight (D:9)
  A centaur warrior (D:9)
  3 two-headed ogres
  The ghost of HAL9000 the Basher, a novice OgHu (D:5)
  A cyclops (D:9)
  A gargoyle (D:9)
  A hornet (D:8)
  Grinder (D:6)
  3 hippogriffs
  A meliai zombie (D:9)
  A shadow (D:9)
  A spriggan (D:7)
  A wyvern (D:9)
  A wraith (D:9)
  A hungry ghost (D:9)
  A vampire mosquito (D:9)
  Edmund (D:4)
  A hell hound (D:9)
  An ice beast (D:9)
  2 sky beasts (D:7)
  2 orc warriors
  A necrophage (D:6)
  4 black bears
  2 phantoms
  4 ogres
  4 centaurs
  A crocodile (D:9)
  A gnoll sergeant (D:5)
  Blork the orc (D:6)
  A wyvern zombie (D:9)
  4 scorpions
  4 killer bees
  4 wights (D:9)
  A howler monkey (D:4)
  A crimson imp (D:5)
  3 hounds
  5 jellies
  9 orc wizards
  2 centaur skeletons
  5 orc priests
  A bullfrog skeleton (D:7)
  Ijyb (D:3)
  2 iguanas (D:7)
  7 worker ants
  A hound zombie (D:9)
  6 gnolls
  13 adders
  A shadow imp (D:9)
  2 oozes
  2 adder skeletons
  A worm (D:2)
  3 dart slugs
  3 leopard geckos
  35 orcs
  7 bats
  5 giant cockroaches
  9 goblins
  7 hobgoblins
  21 jackals
  5 quokkas
  3 ball pythons
  7 frilled lizards
  10 kobolds
  A quokka skeleton (D:6)
  11 rats
248 creatures vanquished.

Notes
Turn   | Place    | Note
-------+----------+-------------------------------------------
     0 | D:1      | Duffy the Draconian Fire Elementalist began the quest for the Orb.
     0 | D:1      | Reached XP level 1. HP: 14/14 MP: 3/3
   239 | D:1      | Reached XP level 2. HP: 20/20 MP: 3/5
   656 | D:1      | Reached XP level 3. HP: 26/26 MP: 1/6
   661 | D:1      | Learned a level 3 spell: Conjure Flame
   931 | D:2      | Reached XP level 4. HP: 33/33 MP: 5/7
  1048 | D:2      | Found a sparkling altar of Nemelex Xobeh.
  1652 | D:3      | Noticed Ijyb
  1672 | D:3      | Killed Ijyb
  1672 | D:3      | Reached skill level 4 in Fire Magic
  1777 | D:3      | Reached XP level 5. HP: 38/38 MP: 6/8
  1786 | D:3      | Learned a level 4 spell: Sticky Flame
  2037 | D:3      | You fall through a shaft for 3 floors!
  2156 | D:6      | Found a staircase to the Ecumenical Temple.
  2165 | Temple   | Entered the Ecumenical Temple
  2170 | Temple   | Became a worshipper of Vehumet
  2211 | D:5      | Entered Level 5 of the Dungeon
  2334 | D:4      | Noticed Edmund
  2348 | D:4      | Killed Edmund
  2348 | D:4      | Reached skill level 5 in Conjurations
  2348 | D:4      | Reached skill level 5 in Fire Magic
  2348 | D:4      | Reached XP level 6. HP: 45/45 MP: 3/9
  2601 | D:4      | Reached skill level 1 in Fighting
  2801 | D:4      | Your scales start taking on a fiery red colour.
  2801 | D:4      | Reached skill level 6 in Fire Magic
  2801 | D:4      | Reached XP level 7. HP: 54/55 MP: 3/10
  2801 | D:4      | Gained mutation: Your flesh is heat resistant. (rF+) [Red Draconian growth]
  2850 | D:4      | Reached * piety under Vehumet
  2850 | D:4      | Offered knowledge of Sting by Vehumet.
  2936 | D:4      | Found a shadowy altar of Dithmenos.
  3742 | D:5      | Noticed HAL9000's ghost (novice OgHu)
  3769 | D:5      | Killed HAL9000's ghost
  3769 | D:5      | Reached skill level 5 in Fighting
  3769 | D:5      | Reached XP level 8. HP: 49/68 MP: 5/11
  4300 | D:5      | Found a shimmering altar of Xom.
  4310 | D:5      | Found a shattered altar of Ashenzari.
  4317 | D:5      | Found an ancient bone altar of Kikubaaqudgha.
  4324 | D:5      | Found a hide-covered altar of Uskayaw.
  4331 | D:5      | Found a snail-covered altar of Cheibriados.
  4338 | D:5      | Found an ornate altar of the Wu Jian Council.
  4506 | D:5      | Found a stormy altar of Qazlal.
  4900 | D:6      | Noticed Grinder
  4900 | D:6      | Noticed Blork the orc
  4915 | D:6      | Killed Grinder
  4915 | D:6      | Offered knowledge of Freeze by Vehumet.
  4944 | D:6      | Learned a level 5 spell: Fireball
  4952 | D:6      | Killed Blork the orc
  4952 | D:6      | Reached ** piety under Vehumet
  5135 | D:6      | Reached skill level 7 in Fire Magic
  5135 | D:6      | Reached XP level 9. HP: 60/78 MP: 15/15
  6210 | D:7      | Reached skill level 8 in Fire Magic
  6214 | D:7      | Gained mutation: You expend magic power (3 MP) to strengthen your wands. [mutagenic meat]
  6215 | D:7      | Gained mutation: Your tail ends in a poisonous barb. [mutagenic meat]
  6216 | D:7      | Gained mutation: You are weak. (Str -2) [mutagenic meat]
  6217 | D:7      | Gained mutation: Your tail ends in a sharp poisonous barb. [mutagenic meat]
  6218 | D:7      | Gained mutation: Your spells are a little harder to cast, but a little more powerful. [mutagenic meat]
  6588 | D:7      | Offered knowledge of Searing Ray by Vehumet.
  6588 | D:7      | Reached skill level 9 in Fire Magic
  7074 | D:7      | Found a basalt altar of Yredelemnul.
  7627 | D:8      | Reached XP level 10. HP: 82/84 MP: 13/16
  7709 | D:8      | Reached *** piety under Vehumet
  7723 | D:8      | Reached skill level 10 in Fire Magic
  7836 | D:8      | Noticed a two-headed ogre
  7842 | D:8      | Killed a two-headed ogre
  7842 | D:8      | Reached skill level 5 in Spellcasting
  7877 | D:8      | Found a shadowy altar of Dithmenos.
  8459 | D:9      | Reached skill level 11 in Fire Magic
  8489 | D:9      | Noticed a two-headed ogre
  8502 | D:9      | Killed a two-headed ogre
  8718 | D:9      | Offered knowledge of Stone Arrow by Vehumet.
  8731 | D:9      | Noticed a gargoyle
  8734 | D:9      | Noticed a death knight
  8736 | D:9      | Noticed a centaur warrior
  8742 | D:9      | Killed a centaur warrior
  8742 | D:9      | Reached XP level 11. HP: 77/91 MP: 9/21
  8935 | D:9      | Killed a death knight
  8935 | D:9      | Reached skill level 10 in Conjurations
  9350 | D:9      | Reached skill level 12 in Fire Magic
  9636 | D:9      | Reached **** piety under Vehumet
  9640 | D:9      | Noticed a two-headed ogre
  9650 | D:9      | Killed a two-headed ogre
  9681 | D:9      | Noticed a two-headed ogre
  9690 | D:9      | Noticed Armakuni's ghost (novice DgCj)
  9695 | D:9      | Paralysed by you for 2 turns
  9697 | D:9      | HP: 6/136 [apocalypse crab (1)]
  9697 | D:9      | Slain by an apocalypse crab

Vault maps used:
D:1:      minmay_arrival_glassed_features, minmay_statues_item
D:2:      lemuel_crystal_altar, hangedman_decor_push, kennysheep_generic_room_12
D:3:      uniq_ijyb
D:4:      lemuel_doored_altar, uniq_edmund
D:5:      grunt_temple_overflow_octagram, first_bread
D:6:      temple_statues, roderic_aztec_sauvastika, uniq_grinder,
          uniq_blork_the_orc
D:7:      yredelemnul_altar_generic, minmay_misc_feat_pillars, the_bakery,
          minivault_11
D:8:      nicolae_dithmenos_through_a_glass_darkly
D:9:      minmay_the_grid_octo_triangle, makhleb_heckhound_becter,
          minmay_lair_entry_lava, hiddenorc1_lemuel, cheibrodos_ashenzari_chains
Temple:   minmay_freezing_vapour_temple

Skill      XL: |  1  2  3  4  5  6  7  8  9 10 11 |
---------------+----------------------------------+-----
Conjurations   | 2 3 4 5 8 9 10 | 10.4
Fire Magic     | 4 5 6 7 9 11 12 | 12.0
Fighting       | 2 5 6 |  6.8
Dodging        | 2 4 |  4.5
Spellcasting   | 4 6 7 |  7.6
Stealth        | |  1.7

Action                   |  1- 3 |  4- 6 |  7- 9 | 10-12 || total
-------------------------+-------+-------+-------+-------++-------
Melee: Unarmed           |       |    16 |       |       ||    16
       Club              |       |       |    16 |       ||    16
       Tailslap          |       |       |     1 |       ||     1
 Cast: Flame Tongue      |    58 |   102 |   225 |   147 ||   532
       Sticky Flame      |       |     6 |    14 |     9 ||    29
       Conjure Flame     |       |     1 |     5 |    15 ||    21
       Fireball          |       |       |       |     7 ||     7
 Abil: Breathe Fire      |       |       |    17 |    12 ||    29
Evoke: Wand              |       |       |       |     7 ||     7
  Eat: Chunk             |     1 |     9 |    24 |    10 ||    44
       Royal jelly       |       |       |     2 |     1 ||     3
Armor: Skin              |     6 |    35 |    37 |    17 ||    95
Dodge: Dodged            |    12 |    34 |   114 |    67 ||   227
